 Dungeon Sprint DCSS version 0.29.1-2-gbd0b4ee654 (webtiles) character file.

Game seed: 6573593544367905559

4420 raph the Fencer (level 10, -4/80 HPs)
             Began as a Minotaur Fighter on Nov 30, 2022.
             Was an Elder of Okawaru.
             Slain by a centaur warrior (6 damage)
             ... in the Dungeon (Sprint I: "Red Sonja").
             The game lasted 00:03:22 (1708 turns).

raph the Fencer (Minotaur Fighter)                  Turns: 1708, Time: 00:03:23

Health: -4/80      AC:  9    Str: 16    XL:     10   Next: 14%
Magic:  6/8        EV: 11    Int:  3    God:    Okawaru [****..]
Gold:   269        SH:  8    Dex: 11    Spells: 9/9 levels left

rFire   . . .      SeeInvis .   a - +0 long sword
rCold   . . .      Faith    .   c - +0 buckler
rNeg    . . .      Spirit   .   b - +0 scale mail
rPois   .          Reflect  .   (helmet restricted)
rElec   .          Harm     .   (no cloak)
rCorr   .          Rampage  .   m - +0 pair of gloves
Will    .....      NoTele   +   (no boots)
Stlth   +.........              (no amulet)
HPRegen 0.00/turn               (no ring)
MPRegen 0.11/turn               (no ring)

@: heroic, inhibited regen, unable to drink
A: horns 2, retaliatory headbutt, clumsy 2, deformed body, dopey 1, frail 2, low
MP 1, screaming 2, inhibited regeneration, weak 2, inability to drink after
injury 1
a: Renounce Religion, Heroism, Finesse


You were in the Dungeon.
You worshipped Okawaru.
Okawaru was greatly pleased with you.
You visited 1 branch You collected 604 gold pieces.
You spent 335 gold pieces at shops.

Inventory:

Hand Weapons
 a - a +0 long sword (weapon)
Missiles
 d - 3 curare-tipped darts (quivered)
 i - 3 boomerangs
Armour
 b - a +0 scale mail (worn)
 c - a +0 buckler (worn)
 m - a +0 pair of gloves (worn)
Jewellery
 k - the ring of Fanaticism {rElec Will+ rCorr Slay-3 Stlth+}
   (You bought it in a shop in the Dungeon)

   [ring of willpower]

   Slay:      It affects your accuracy & damage with ranged weapons and melee
   (-3).
   rElec:     It insulates you from electricity.
   rCorr:     It protects you from acid and corrosion.
   Will:      It increases your willpower.
   Stlth:     It makes you more stealthy.
Scrolls
 j - a scroll of blinking
 l - a scroll of poison {unknown}
Potions
 e - 3 potions of curing
 f - 2 potions of heal wounds
 g - 2 potions of haste
 h - 2 potions of magic


   Skills:
 + Level 13.4(18.4) Fighting
 * Level 17.9(22.9) Long Blades
 + Level 13.4(18.4) Armour
 + Level 13.4(18.4) Shields


You had 9 spell levels left.
You didn't know any spells.
Your spell library was empty.

Dungeon Overview and Level Annotations

Branches:
Dungeon (1/1)

Altars:
Cheibriados
Dithmenos
Elyvilon
Fedhas
Gozag
Hepliaklqana
Kikubaaqudgha
Nemelex Xobeh
Okawaru
Qazlal
Ru
Sif Muna
Trog
Uskayaw
Vehumet
Wu Jian
Yredelemnul
Zin
The Shining One

Shops:
D !(!*==


Innate Abilities, Weirdness & Mutations

You have a pair of horns on your head.
You reflexively headbutt those who attack you in melee.
You are very clumsy. (Dex -4)
Armour fits poorly on your strangely shaped body.
You are dopey. (Int -2)
You are very frail. (-20% HP)
Your magical capacity is low. (-10% MP)
You frequently scream uncontrollably at your foes.
You do not regenerate when monsters are visible.
You are very weak. (Str -4)
You occasionally lose the ability to drink potions when taking damage.


Message History

The centaur warrior kicks you but does no damage.
You slash the centaur warrior! You headbutt the centaur warrior.
The centaur warrior is moderately wounded.
You block the centaur warrior's attack.
The centaur warrior kicks you but does no damage.
You block the centaur warrior's attack.
The centaur warrior kicks you but does no damage.
You slash the centaur warrior!
The centaur warrior is heavily wounded.
The centaur warrior hits you!
You feel threatened and lose the ability to drink potions!
The centaur warrior kicks you but does no damage.
The centaur warrior hits you. The centaur warrior kicks you.
* * * LOW HITPOINT WARNING * * *
You are too injured to fight recklessly!
You are too injured to fight recklessly!
You are too injured to fight recklessly!
You are too injured to fight recklessly!
You are too injured to fight recklessly!
You are too injured to fight recklessly!
You slash the centaur warrior!
The centaur warrior is severely wounded.
The centaur warrior misses you. You block the centaur warrior's attack.
The centaur warrior hits you!
* * * LOW HITPOINT WARNING * * *
You block the centaur warrior's attack.
You hit the centaur warrior. You headbutt the centaur warrior.
The centaur warrior is severely wounded.
The centaur warrior hits you!
* * * LOW HITPOINT WARNING * * *
The centaur warrior barely misses you. x2
The centaur warrior kicks you but does no damage.
You slash the centaur warrior!
Your headbutt misses the centaur warrior.
The centaur warrior is almost dead.
The centaur warrior hits you!
* * * LOW HITPOINT WARNING * * *
The centaur warrior kicks you but does no damage.
The centaur warrior hits you.
You die...

#############
#..)..#..'..#
').#..').#..+
#####'#####'# ####
####..#...#.####§§#
#__####..##)#§§§@.#
#_____##+#_.'§§§cc+
#_.∩...'..._#~§§§§#
#_..__##_.#'##+####
#_____###)#.#
#########.###
.......'...+
''''####...#
.....####.###


You could see 2 centaur warriors.

Vanquished Creatures
  Sonja (D)
  8 shining eyes (D)
  Sigmund (D)
  A yak (D)
  4 floating eyes (D)
  An ogre (D)
  A jelly (D)
  Ijyb (D)
18 creatures vanquished.

Vanquished Creatures (others)
  A gargoyle (D)
  2 ballistomycete spores (D)
3 creatures vanquished.

Grand Total: 21 creatures vanquished

Notes
Turn   | Place    | Note
-------+----------+-------------------------------------------
     0 | D        | raph the Minotaur Fighter began the quest for the Orb.
     0 | D        | Reached XP level 1. HP: 19/19 MP: 0/0
     1 | D        | Noticed Ijyb
     6 | D        | Killed Ijyb
     7 | D        | Reached skill level 4 in Long Blades
     7 | D        | Reached XP level 2. HP: 23/28 MP: 1/1
   131 | D        | Noticed an ogre
   134 | D        | Killed an ogre
   135 | D        | Reached skill level 7 in Long Blades
   135 | D        | Reached XP level 3. HP: 12/37 MP: 2/2
   135 | D        | Reached XP level 4. HP: 14/44 MP: 3/3
   353 | D        | Noticed Sigmund
   366 | D        | Killed Sigmund
   367 | D        | Reached skill level 9 in Long Blades
   367 | D        | Reached XP level 5. HP: 35/53 MP: 4/4
   367 | D        | Reached XP level 6. HP: 40/61 MP: 5/5
   480 | D        | Killed a gargoyle
   682 | D        | Found a shimmering blue altar of Sif Muna.
   683 | D        | Found an ornate altar of the Wu Jian Council.
   684 | D        | Found a radiant altar of Vehumet.
   690 | D        | Reached skill level 10 in Long Blades
   784 | D        | Found Ysaolimn's Assorted Antiques.
   784 | D        | Found an ancient bone altar of Kikubaaqudgha.
   784 | D        | Found a hazy altar of Hepliaklqana.
   784 | D        | Found a stormy altar of Qazlal.
   784 | D        | Found a hide-covered altar of Uskayaw.
   784 | D        | Found a blossoming altar of Fedhas.
   784 | D        | Found a bloodstained altar of Trog.
   784 | D        | Found an iron altar of Okawaru.
   784 | D        | Found a basalt altar of Yredelemnul.
   784 | D        | Found a glowing golden altar of the Shining One.
   784 | D        | Found a snail-covered altar of Cheibriados.
   784 | D        | Found a sacrificial altar of Ru.
   784 | D        | Found a glowing silver altar of Zin.
   784 | D        | Found a shadowy altar of Dithmenos.
   784 | D        | Found a white marble altar of Elyvilon.
   784 | D        | Noticed a yak
   791 | D        | Killed a yak
   792 | D        | Reached skill level 11 in Long Blades
   975 | D        | Found an opulent altar of Gozag.
   976 | D        | Found a sparkling altar of Nemelex Xobeh.
   982 | D        | Bought a steaming lapis lazuli ring for 140 gold pieces
   982 | D        | Identified the ring of Fanaticism {rElec Will+ rCorr Slay-3
                  | Stlth+} (You bought it in a shop in the Dungeon)
   983 | D        | Became a worshipper of Warmaster Okawaru
   991 | D        | Noticed Sonja
  1005 | D        | Killed Sonja
  1005 | D        | Reached * piety under Okawaru
  1006 | D        | Reached skill level 10 in Fighting
  1006 | D        | Reached skill level 13 in Long Blades
  1006 | D        | Reached skill level 10 in Armour
  1006 | D        | Reached skill level 10 in Shields
  1006 | D        | Reached XP level 7. HP: 6/72 MP: 6/6
  1320 | D        | Found Dipalazo's Distillery.
  1330 | D        | Bought a potion of heal wounds for 55 gold pieces
  1331 | D        | Noticed a shining eye
  1331 | D        | Noticed a shining eye
  1331 | D        | Noticed a shining eye
  1331 | D        | Gained mutation: Potions are less effective at restoring
                  | your health. [a shining eye]
  1333 | D        | Paralysed by a floating eye for 2 turns
  1338 | D        | Reached XP level 8. HP: 79/79 MP: 4/7
  1343 | D        | Reached ** piety under Okawaru
  1348 | D        | Gained mutation: You are clumsy. (Dex -2) [a shining eye]
  1351 | D        | Gained mutation: Your spells are a little harder to cast,
                  | but a little more powerful. [a shining eye]
  1352 | D        | Killed a shining eye
  1353 | D        | Reached skill level 14 in Long Blades
  1356 | D        | Gained mutation: You occasionally shout uncontrollably at
                  | your foes. [a shining eye]
  1357 | D        | Gained mutation: You frequently scream uncontrollably at
                  | your foes. [a shining eye]
  1367 | D        | Killed a shining eye
  1367 | D        | Reached *** piety under Okawaru
  1368 | D        | Reached skill level 15 in Long Blades
  1376 | D        | Gained mutation: You are very clumsy. (Dex -4) [a shining
                  | eye]
  1377 | D        | Killed a shining eye
  1378 | D        | Reached XP level 9. HP: 90/90 MP: 5/8
  1503 | D        | Noticed a shining eye
  1503 | D        | Noticed a shining eye
  1503 | D        | Noticed a shining eye
  1503 | D        | Noticed a shining eye
  1504 | D        | Noticed a shining eye
  1505 | D        | Gained mutation: Your magical capacity is low. (-10% MP) [a
                  | shining eye]
  1505 | D        | Gained mutation: Armour fits poorly on your strangely
                  | shaped body. [a shining eye]
  1510 | D        | Reached skill level 16 in Long Blades
  1510 | D        | Paralysed by a floating eye for 4 turns
  1513 | D        | Gained mutation: You do not regenerate when monsters are
                  | visible. [a shining eye]
  1518 | D        | Gained mutation: You are weak. (Str -2) [a shining eye]
  1519 | D        | Lost mutation: Your spells are a little harder to cast, but
                  | a little more powerful. [a shining eye]
  1523 | D        | Lost mutation: Potions are less effective at restoring your
                  | health. [a shining eye]
  1525 | D        | Killed a shining eye
  1525 | D        | Reached **** piety under Okawaru
  1525 | D        | Gained mutation: You are frail. (-10% HP) [a shining eye]
  1531 | D        | Gained mutation: You occasionally lose the ability to drink
                  | potions when taking damage. [a shining eye]
  1532 | D        | Killed a shining eye
  1537 | D        | Gained mutation: You are dopey. (Int -2) [a shining eye]
  1538 | D        | Gained mutation: You are very weak. (Str -4) [a shining
                  | eye]
  1539 | D        | Killed a shining eye
  1539 | D        | Received a gift from Okawaru
  1540 | D        | Reached skill level 17 in Long Blades
  1543 | D        | Killed a shining eye
  1543 | D        | Gained mutation: You are very frail. (-20% HP) [a shining
                  | eye]
  1544 | D        | Reached XP level 10. HP: 80/80 MP: 3/8
  1549 | D        | Killed a shining eye
  1597 | D        | Found Qaozyp's Antique Weapon Shoppe.
  1597 | D        | Found Izxajane's Distillery.
  1598 | D        | Found Kiyrhuaf's Jewellery Shop.
  1598 | D        | Found Siezidwa's Jewellery Boutique.
  1606 | D        | Bought a potion of haste for 140 gold pieces
  1695 | D        | Noticed a centaur warrior
  1695 | D        | Noticed a centaur warrior
  1708 | D        | HP: 2/80 [centaur warrior (7)]
  1708 | D        | Slain by a centaur warrior

Illustrated notes

Levels and vault maps discovered:
D:        dungeon_sprint_1 [red_sonja_temple_1, red_sonja_temple_small_1]

Skill      XL: |  1  2  3  4  5  6  7  8  9 |
---------------+----------------------------+-----
Fighting       | 4 6 7 10 11 13 | 13.4
Long Blades    | 4 7 9 13 15 17 | 17.9
Armour         | 4 6 7 10 11 13 | 13.4
Shields        | 4 6 7 10 11 13 | 13.4

Action                   |  1- 3 |  4- 6 |  7- 9 | 10-12 || total
-------------------------+-------+-------+-------+-------++-------
Melee: Long sword        |     4 |    26 |    65 |    13 ||   108
       Headbutt          |     1 |     8 |    21 |     7 ||    37
Invok: Heroism           |       |       |     5 |     2 ||     7
Evoke: Wand              |     2 |     2 |       |       ||     4
  Use: Potion            |     1 |     1 |       |       ||     2
       Scroll            |       |     1 |       |       ||     1
Armor: Scale mail        |       |     7 |       |    16 ||    23
Dodge: Dodged            |     3 |     9 |       |     7 ||    19
Block: Buckler           |       |     7 |       |    10 ||    17
